 Dungeon Crawl Stone Soup version 0.29.0-13-gc9e81de378 (webtiles) character file.

Game seed: 13368877702442163297

126 freelancePsychic the Sneak (level 5, -3/28 HPs)
             Began as a Kobold Hedge Wizard on Sept 7, 2022.
             Slain by an orc
             ... wielding a +2 hand axe of electrocution
              (18 damage)
             ... on level 3 of the Dungeon.
             The game lasted 00:04:55 (3304 turns).

freelancePsychic the Sneak (Kobold Hedge Wizard)    Turns: 3304, Time: 00:04:55

Health: -3/28      AC:  3    Str:  7    XL:     5   Next: 32%
Magic:  9/9        EV: 15    Int: 18    God:
Gold:   94         SH:  5    Dex: 16    Spells: 9/10 levels left

rFire   . . .      SeeInvis .   g - +3 sling of Lyitips {venom, rC- rN+ Int+2}
rCold   x . .      Faith    .   (no shield)
rNeg    + . .      Spirit   .   b - +0 robe
rPois   .          Reflect  +   c - +1 hat
rElec   .          Harm     .   (no cloak)
rCorr   .          Rampage  .   (no gloves)
Will    .....                   (no boots)
Stlth   ++++......              h - amulet of reflection
HPRegen 0.09/turn               (no ring)
MPRegen 0.11/turn               (no ring)

@: no status effects
A: small, no large weapons, nightstalker 3
a: no special abilities


You were on level 3 of the Dungeon.
You visited 1 branch of the dungeon, and saw 3 of its levels.

You collected 94 gold pieces.

Inventory:

Hand Weapons
 a - a +0 dagger
 g - the +3 sling of Lyitips (weapon) {venom, rC- rN+ Int+2}
   (You found it on level 3 of the Dungeon)

   Any ammunition fired from it poisons the flesh of those it strikes.
   Int:       It affects your intelligence (+2).
   rC:        It makes you vulnerable to cold.
   rN:        It protects you from negative energy.
Missiles
 f - a throwing net
 k - 6 poisoned darts
Armour
 b - a +0 robe (worn)
 c - a +1 hat (worn)
 p - a +0 leather armour
Jewellery
 h - an amulet of reflection (around neck)
Scrolls
 e - a scroll of teleportation {@r4}
 l - a scroll of identify {@r1}
 m - a scroll of butterflies
 r - a scroll of poison {unknown}
Potions
 d - a potion of magic
 i - a potion of heal wounds {unknown}
 j - a potion of mutation
 n - a potion of attraction {unknown}
 o - 2 potions of flight {unknown}


   Skills:
 + Level 0.7 Fighting
 - Level 3.6 Short Blades
 * Level 1.7 Ranged Weapons
 - Level 2.4 Dodging
 + Level 5.2 Stealth
 - Level 3.2 Spellcasting
 - Level 1.0 Conjurations
 - Level 1.0 Summonings
 - Level 1.0 Translocations


You had 9 spell levels left.
You knew the following spells:

 Your Spells              Type           Power      Damage    Failure   Level
a - Magic Dart            Conj           24%        1d4       11%         1

Your spell library contained the following spells:

 Spells                   Type           Power      Damage    Failure   Level
 Slow                     Hex            8%         N/A       16%         1
 Blink                    Tloc           12%        N/A       16%         2
 Call Imp                 Summ           6%         N/A       16%         2
 Lesser Beckoning         Tloc           6%         N/A       32%         3
 Conjure Flame            Conj/Fire      4%         6-21      36%         3
 Mephitic Cloud           Conj/Pois/Air  4%         N/A       38%         3
 Manifold Assault         Tloc           6%         N/A       96%         5


Dungeon Overview and Level Annotations

Branches:
Dungeon (3/15)

Altars:
Qazlal
Xom

Annotations:
D:2 exclusion: gnoll, Sigmund


Innate Abilities, Weirdness & Mutations

You are small and have problems with some larger weapons.
You are completely attuned to the shadows.


Message History

Fire: g) +3 sling of Lyitips {venom, rC- rN+ Int+2}
Press: ? - help, Shift-Dir - straight line, f/p - orc wizard
Aim: an orc wizard, wielding a +0 dagger and wearing a +0 robe (almost dead, extremely poisoned, 53% to hit)
You shoot a sling bullet. The sling bullet hits the orc wizard!
You kill the orc wizard!
An orc comes into view. It is wielding a +0 club.
Your Ranged Weapons skill increases to level 1!
An orc is nearby!
Fire: g) +3 sling of Lyitips {venom, rC- rN+ Int+2}
Press: ? - help, Shift-Dir - straight line, f - orc
Aim: an orc, wielding a +0 club (60% to hit)
You shoot a sling bullet.
The sling bullet completely misses the orc.
The orc drinks a potion.
The orc suddenly seems more resistant.
An orc comes into view.
It is wielding a +2 hand axe of electrocution.
Fire: g) +3 sling of Lyitips {venom, rC- rN+ Int+2}
Press: ? - help, Shift-Dir - straight line, f/p - orc
Aim: an orc, wielding a +0 club (unusually resistant, 60% to hit)
You shoot a sling bullet. The sling bullet barely misses the orc.
The orc misses you.
Fire: g) +3 sling of Lyitips {venom, rC- rN+ Int+2}
Press: ? - help, Shift-Dir - straight line, f/p - orc
Aim: an orc, wielding a +0 club (unusually resistant, 60% to hit)
You shoot a sling bullet. The sling bullet hits the orc!
You kill the orc!
The orc barely misses you.
Fire: g) +3 sling of Lyitips {venom, rC- rN+ Int+2}
Press: ? - help, Shift-Dir - straight line, f - orc
Aim: an orc, wielding a +2 hand axe of electrocution and wearing a +0 chain mail (68% to hit)
You shoot a sling bullet. The sling bullet barely misses the orc.
The orc barely misses you.
Fire: g) +3 sling of Lyitips {venom, rC- rN+ Int+2}
Press: ? - help, Shift-Dir - straight line, f/p - orc
Aim: an orc, wielding a +2 hand axe of electrocution and wearing a +0 chain mail (68% to hit)
You shoot a sling bullet.
The sling bullet hits the orc but does no damage.
The orc hits you with a +2 hand axe of electrocution.
You are electrocuted!!
Ouch! That really hurt!
You die...

..........#.#
........#.#.#
.....##.#.#.#
......#.#.#.#
.<..#.#.#.#.#
....#.#.# #.#
..†.#.# #.#
###.#.#
#.######
#...#.#
#.....@#
......#
######o#
......# ..#
......# ####
.....##
.....# .....#
.....# ###'##


You could see an orc.

Vanquished Creatures
  An orc wizard (D:3)
  2 adders (D:2)
  A worm (D:2)
  2 dart slugs (D:1)
  4 orcs (D:3)
  6 ball pythons
  4 endoplasms
  A giant cockroach (D:3)
  9 goblins
  9 hobgoblins
  4 quokkas
  5 bats
  5 frilled lizards
  5 rats
58 creatures vanquished.

Vanquished Creatures (collateral kills)
  A gnoll (D:3)
  A quokka (D:3)
2 creatures vanquished.

Grand Total: 60 creatures vanquished

Notes
Turn   | Place    | Note
-------+----------+-------------------------------------------
     0 | D:1      | freelancePsychic the Kobold Hedge Wizard began the quest
                  | for the Orb.
     0 | D:1      | Reached XP level 1. HP: 10/10 MP: 4/4
   120 | D:1      | Reached skill level 3 in Stealth
   266 | D:1      | Reached skill level 1 in Short Blades
   372 | D:1      | Reached XP level 2. HP: 15/15 MP: 6/6
   789 | D:1      | Reached XP level 3. HP: 17/19 MP: 7/7
  1195 | D:1      | Found a faded altar of an unknown god.
  1285 | D:1      | Reached skill level 4 in Stealth
  1431 | D:2      | Noticed Sigmund
  1434 | D:2      | Found a stormy altar of Qazlal.
  1843 | D:2      | Reached XP level 4. HP: 24/24 MP: 8/8
  2585 | D:3      | Found a shimmering altar of Xom.
  2754 | D:3      | Reached skill level 5 in Stealth
  3006 | D:3      | Identified the +3 sling of Lyitips {venom, rC- rN+ Int+2}
  3131 | D:3      | Reached XP level 5. HP: 28/28 MP: 9/9
  3300 | D:3      | Reached skill level 1 in Ranged Weapons
  3304 | D:3      | Slain by an orc

Illustrated notes

Levels and vault maps discovered:
D:1:      dpeg_arrival_arbitrary_b, layout_basic,
          shapermc_ecumenical_altar_mp_ritualfount, kennysheep_decorative_pillar
D:2:      layout_loops_cross, basic_altar, corexii_item_surrounded_by_moat,
          uniq_sigmund
D:3:      layout_basic, tgw_xom, chequers_temple_overflow_statue_of_worship,
          minmay_fractal_squares_5

Skill      XL: |  1  2  3  4  5 |
---------------+----------------+-----
Stealth        | 3 4 5 |  5.2
Short Blades   | 1 2 3 |  3.6
Ranged Weapons | 1 |  1.7
Fighting       | |  0.7
Dodging        | |  2.4
Spellcasting   | |  3.2
Conjurations   | |  1.0
Summonings     | |  1.0
Translocations | |  1.0

Action                   |  1- 3 |  4- 6 || total
-------------------------+-------+-------++-------
Melee: Dagger            |    75 |    68 ||   143
 Fire: Sling             |       |    24 ||    24
 Cast: Magic Dart        |       |     2 ||     2
  Use: Scroll            |       |     8 ||     8
       Potion            |       |     2 ||     2
 Stab: Sleeping          |    20 |     7 ||    27
Armor: Robe              |     4 |     3 ||     7
       Skin              |       |    26 ||    26
Dodge: Dodged            |    45 |    30 ||    75
